 Dungeon Crawl Stone Soup version 0.21.1-1-g345015f (webtiles) character file.

65 RudyRod the Skirmisher (level 3, -7/29 HPs)
             Began as a Demonspawn Fighter on Apr 26, 2018.
             Killed by nerve-wracking pain
             ... invoked by Jessica
              (10 damage)
             ... on level 3 of the Dungeon.
             The game lasted 00:05:17 (1741 turns).

RudyRod the Skirmisher (Demonspawn Fighter)         Turns: 1741, Time: 00:05:18

Health: -7/29      AC:  6    Str: 16    XL:     3   Next: 94%
Magic:  3/3        EV:  7    Int:  9    God:
Gold:   84         SH:  9    Dex: 13    Spells: 2/2 levels left

rFire    . . .     SeeInvis .   a - +0 long sword
rCold    + . .     Gourm    .   c - +0 shield
rNeg     . . .     Faith    .   b - +0 scale mail
rPois    .         Spirit   .   (no helmet)
rElec    .         Reflect  .   (no cloak)
rCorr    .         Harm     .   (no gloves)
MR       .....                  (no boots)
Stlth    ..........             (no amulet)
HPRegen  0.09/turn              e - ring of flight
MPRegen  0.08/turn              (no ring)

@: no status effects
A: talons 1, cold resistance 1
a: Evoke Flight


You were on level 3 of the Dungeon.
You were not hungry.

You visited 1 branch of the dungeon, and saw 3 of its levels.

You collected 84 gold pieces.

Inventory:

Hand Weapons
 a - a +0 long sword (weapon)
Armour
 b - a +0 scale mail (worn)
 c - a +0 shield (worn)
Jewellery
 e - a ring of flight (left hand)
Wands
 s - a wand of random effects (39)
Scrolls
 g - 5 scrolls of remove curse
 h - a scroll of enchant armour {unknown}
 j - 3 scrolls of identify {unknown}
 o - a scroll of immolation {unknown}
Potions
 d - a potion of might
 i - 5 potions of curing {unknown}
 k - a potion of flight {unknown}
 l - a potion of lignification {unknown}
 m - 2 potions of haste {unknown}
 n - a potion of ambrosia {unknown}
 p - a potion of heal wounds {unknown}
 q - 2 potions of degeneration {unknown}
 r - a potion of brilliance {unknown}
Books
 t - a book of Minor Magic

   Spells                             Type                      Level
   a - Magic Dart                     Conjuration                  1
   b - Blink                          Translocation                2
   c - Call Imp                       Summoning                    2
   d - Slow                           Hexes                        2
   e - Conjure Flame                  Conjuration/Fire             3
   f - Mephitic Cloud                 Conjuration/Poison/Air       3
Comestibles
 f - a ration


   Skills:
 + Level 3.4 Fighting
 + Level 2.1 Long Blades
 + Level 3.2 Armour
 * Level 0.5 Dodging
 * Level 0.7 Stealth
 + Level 3.2 Shields


You had 2 spell levels left.
You didn't know any spells.

Dungeon Overview and Level Annotations

Branches:
Dungeon (3/15)

Altars:
Gozag
Xom

Annotations:
D:3 Jessica


Innate Abilities, Weirdness & Mutations

You have sharp toenails.
Your flesh is cold resistant. (rC+)


Message History

Pain shoots through your body!
Jessica gestures wildly while chanting.
Jessica seems to speed up.
Jessica grins evilly.
Jessica casts a spell at you. Pain shoots through your body!
* * * LOW HITPOINT WARNING * * *
Jessica gestures wildly while chanting.
Jessica blinks!
Jessica grins evilly.
You block Jessica's attack. You block Jessica's attack.
You block Jessica's attack. You block Jessica's attack.
Jessica hits you with a dagger.
* * * LOW HITPOINT WARNING * * *
You block Jessica's attack. Jessica gestures at you while chanting.
Pain shoots through your body!
You die...

#....#
#.####
#.# #.#
#.####
#....#
####@#
#.#
#@######
#....รท.#
######.#
#.# #.#
#.# #.#
#.# #.#


You could see Jessica.

Vanquished Creatures
  An adder (D:2)
  An ooze (D:2)
  A dart slug (D:1)
  A leopard gecko (D:1)
  An orc (D:3)
  5 bats
  5 giant cockroaches
  7 goblins
  6 hobgoblins
  5 frilled lizards
  8 kobolds
  5 rats
46 creatures vanquished.

Notes
Turn   | Place    | Note
-------+----------+-------------------------------------------
     0 | D:1      | RudyRod the Demonspawn Fighter began the quest for the Orb.
     0 | D:1      | Reached XP level 1. HP: 18/18 MP: 1/1
   169 | D:1      | Gained mutation: You have sharp toenails. [demonic ancestry]
   169 | D:1      | Reached XP level 2. HP: 24/24 MP: 2/2
   477 | D:1      | You fall through a shaft!
   873 | D:2      | Gained mutation: Your flesh is cold resistant. (rC+) [demonic ancestry]
   873 | D:2      | Reached XP level 3. HP: 26/29 MP: 3/3
  1173 | D:2      | Found a shimmering altar of Xom.
  1329 | D:2      | Found an opulent altar of Gozag.
  1702 | D:3      | Noticed Jessica
  1741 | D:3      | Killed from afar by Jessica

Skill      XL: |  1  2  3 |
---------------+----------+-----
Shields        | 3 |  3.2
Armour         | 3 |  3.2
Long Blades    | 2 |  2.1
Fighting       | |  3.4
Dodging        | |  0.5
Stealth        | |  0.7

Action                   || total
-------------------------++-------
Melee: Long sword        ||   115
       Kick              ||    19
  Use: Scroll            ||     1
  Eat: Chunk             ||     3
Armor: Scale mail        ||    66
Dodge: Dodged            ||    37
Block: Shield            ||    69
       Rpst.: Long sword ||    13
